 Dungeon Crawl Stone Soup version 0.21.1-1-g345015f (webtiles) character file.

3602 Mirai the Thaumaturge (level 10, -2/56 HPs)
             Began as a Gargoyle Earth Elementalist on Feb 24, 2018.
             Was an Initiate of Vehumet.
             Shot with an arrow by a centaur (5 damage)
             ... on level 8 of the Dungeon.
             The game lasted 00:22:04 (7672 turns).

Mirai the Thaumaturge (Gargoyle Earth Elementalist) Turns: 7672, Time: 00:22:05

Health: -2/56      AC: 12    Str: 11    XL:     10   Next: 10%
Magic:  2/23       EV: 11    Int: 20    God:    Vehumet [......]
Gold:   553        SH:  0    Dex: 10    Spells: 14/27 levels left

rFire    . . .     SeeInvis .   f - +3 mace (crush)
rCold    . . .     Gourm    .   (no shield)
rNeg     + + .     Faith    .   i - +1 leather armour
rPois    ∞         Spirit   .   J - +1 hat
rElec    +         Reflect  .   (no cloak)
rCorr    +         Harm     .   (no gloves)
MR       .....                  (no boots)
Stlth    ++........             (no amulet)
HPRegen  0.18/turn              z - ring of resist corrosion
MPRegen  0.18/turn              k - ring of positive energy

@: no status effects
A: negative energy resistance 1, electricity resistance, unbreathing,
petrification resistance, rot immunity, AC +7
a: Renounce Religion


You were on level 8 of the Dungeon.
You worshipped Vehumet.
Vehumet was noncommittal.
You were near starving.

You visited 2 branches of the dungeon, and saw 9 of its levels.
You also visited: Ossuary.

You collected 553 gold pieces.

Inventory:

Hand Weapons
 f - a +3 mace of crushing (weapon)
 g - a +2 dagger of electrocution
 p - a +0 flail
 q - a +1 mace of holy wrath
 r - a +0 mace
 t - a +0 flail
 B - a +0 mace
 C - a +0 flail
 M - a +2 great sword
 N - a +2 mace
Missiles
 b - 148 stones (quivered)
Armour
 i - a +1 leather armour (worn)
 J - a +1 hat (worn)
 O - a +0 robe
 P - a +0 robe
 Q - a +0 robe
 S - a +0 leather armour
 T - a +0 robe
 U - a +0 buckler
Jewellery
 k - a ring of positive energy (right hand)
 z - a ring of resist corrosion (left hand)
 L - an uncursed ring of see invisible
 V - an uncursed ring of flight
Wands
 y - a wand of flame (36)
 G - a wand of polymorph (11)
 R - a wand of iceblast (8)
 W - a wand of scattershot (4)
Scrolls
 h - 12 scrolls of identify
 j - 6 scrolls of remove curse
 l - 2 scrolls of magic mapping
 o - 2 scrolls of immolation
 x - a scroll of fog
Potions
 a - a potion of agility {unknown}
 m - a potion of mutation {unknown}
 n - 6 potions of might {unknown}
 s - 4 potions of lignification {unknown}
 u - 4 potions of curing {unknown}
 v - a potion of degeneration {unknown}
 w - 2 potions of brilliance {unknown}
 A - 2 potions of heal wounds {unknown}
 D - a potion of cancellation {unknown}
 E - 2 potions of haste {unknown}
 H - a potion of magic {unknown}
Books
 c - the Grimoire of Battle Magic
   (You acquired it on level 6 of the Dungeon)

   Spells                             Type                      Level
   a - Flame Tongue                   Conjuration/Fire             1
   b - Sting                          Conjuration/Poison           1
   c - Searing Ray                    Conjuration                  2
   d - Throw Icicle                   Conjuration/Ice              4
 e - a book of Geomancy

   Spells                             Type                      Level
   a - Sandblast                      Earth                        1
   b - Passwall                       Transmutation/Earth          2
   c - Stone Arrow                    Conjuration/Earth            3
   d - Petrify                        Transmutation/Earth          4
   e - Lee's Rapid Deconstruction     Earth                        5
 F - a book of Flames

   Spells                             Type                      Level
   a - Flame Tongue                   Conjuration/Fire             1
   b - Throw Flame                    Conjuration/Fire             2
   c - Conjure Flame                  Conjuration/Fire             3
   d - Inner Flame                    Hexes/Fire                   3
   e - Sticky Flame                   Conjuration/Fire             4
   f - Fireball                       Conjuration/Fire             5
 I - a book of Changes

   Spells                             Type                      Level
   a - Beastly Appendage              Transmutation                1
   b - Sticks to Snakes               Transmutation                2
   c - Spider Form                    Transmutation/Poison         3
   d - Ice Form                       Ice/Transmutation            4
   e - Blade Hands                    Transmutation                5
 K - a book of Necromancy

   Spells                             Type                      Level
   a - Pain                           Necromancy                   1
   b - Animate Skeleton               Necromancy                   1
   c - Vampiric Draining              Necromancy                   3
   d - Regeneration                   Charms/Necromancy            3
   e - Animate Dead                   Necromancy                   4
   f - Borgnjor's Vile Clutch         Necromancy/Earth             5
Comestibles
 d - 11 rations


   Skills:
 + Level 3.5 Fighting
 + Level 5.6 Maces & Flails
 - Level 1.5 Dodging
 - Level 2.1 Stealth
 * Level 9.1 Spellcasting
 * Level 4.7 Conjurations
   Level 0.7 Transmutations
 * Level 1.6 Fire Magic
 + Level 8.1 Earth Magic


You had 14 spell levels left.
You knew the following spells:

 Your Spells              Type           Power        Failure   Level  Hunger
a - Sandblast             Erth           #####.       1%          1    None
b - Stone Arrow           Conj/Erth      #####.       1%          3    None
c - Lee's Rapid Deconstr  Erth           #####.....   10%         5    #####..
d - Sticky Flame          Conj/Fire      ###.....     26%         4    ###....


Dungeon Overview and Level Annotations

Branches:
Dungeon (8/15)             Temple (1/1) D:7
   Lair: D:8-11

Altars:
Ashenzari
Cheibriados
Dithmenos
Elyvilon
Fedhas
Gozag
Hepliaklqana
Kikubaaqudgha
Makhleb
Nemelex Xobeh
Okawaru
Qazlal
Ru
Sif Muna
Trog
Uskayaw
Vehumet
Wu Jian
Xom
Yredelemnul
Zin
The Shining One

Shops:
D:7 ?


Innate Abilities, Weirdness & Mutations

You are resistant to torment.
Your stone body is resilient. (AC +7)
You are immune to poison.
You resist negative energy. (rN+)
You are resistant to electric shocks. (rElec)
You can survive without breathing.
You are immune to petrification.
You are immune to rotting.


Message History

Aim: a hippogriff (almost dead)
The blast of sand hits the hippogriff.
You kill the hippogriff!
Vehumet accepts your kill.
b - 149 stones
Casting: Sandblast
Confirm with . or Enter, or press ? or * to list all spells.
Aiming: Sandblast
Press: ? - help, Shift-Dir - straight line, f - two-headed ogre
Aim: a two-headed ogre, wielding a giant spiked club and a dire flail (almost dead)
The blast of sand hits the two-headed ogre.
You kill the two-headed ogre!
Vehumet accepts your kill.
Your Spellcasting skill increases to level 9!
Your Fire Magic skill increases to level 1!
Your Earth Magic skill increases to level 8!
You have reached level 10!
b - 148 stones The centaur shoots an arrow.
The arrow hits you.
You die...

..... ......
...... #......
##..?.. #####
##...#
###...### ##c.#
#.......###.)##
##.......#(@##
##........##
#.......##
##.....##
##...## ##..##
###.### ##..##
##..##


You could see a centaur.

Vanquished Creatures
  A two-headed ogre (D:8)
  A hornet (D:7)
  Grinder (D:4)
  A hippogriff (D:8)
  The ghost of Autsider the Ruffian, an amateur TrAM (D:4)
  2 sky beasts
  The ghost of letownia2 the Chiller, an amateur VSIE (D:5)
  A black bear (D:6)
  A hornet zombie (D:7)
  A phantom (D:7)
  An ogre (D:5)
  A centaur (D:5)
  A bullfrog (D:4)
  A gnoll sergeant (D:7)
  4 scorpions
  3 howler monkeys (D:6)
  4 wights (D:7)
  3 crimson imps (D:7)
  A bullfrog zombie (D:6)
  2 jellies
  An orc priest (D:2)
  4 hounds
  2 orc wizards (D:6)
  4 worker ants
  A big kobold zombie (Ossuary)
  8 mummies (Ossuary)
  8 gnolls
  9 adders
  A howler monkey skeleton (D:7)
  A shadow imp (D:7)
  3 oozes
  2 worms (D:2)
  2 dart slugs
  6 leopard geckos
  15 orcs
  A ball python (D:1)
  8 giant cockroaches
  3 gnoll zombies (Ossuary)
  9 hobgoblins
  4 jackals (D:3)
  6 quokkas
  4 bats
  5 frilled lizards
  5 goblins
  A hobgoblin zombie (Ossuary)
  11 kobolds
  2 kobold zombies (Ossuary)
  An orc zombie (Ossuary)
  6 rats
165 creatures vanquished.

Vanquished Creatures (others)
  A rat (D:2)
1 creature vanquished.

Grand Total: 166 creatures vanquished

Notes
Turn   | Place    | Note
-------+----------+-------------------------------------------
     0 | D:1      | Mirai the Gargoyle Earth Elementalist began the quest for the Orb.
     0 | D:1      | Reached XP level 1. HP: 10/10 MP: 3/3
   151 | D:1      | Reached XP level 2. HP: 9/15 MP: 3/5
   376 | D:1      | Found a snail-covered altar of Cheibriados.
   410 | D:1      | Reached XP level 3. HP: 19/19 MP: 4/7
  1027 | D:2      | Reached skill level 1 in Maces & Flails
  1097 | D:2      | Reached XP level 4. HP: 15/24 MP: 8/8
  1133 | D:2      | Found a white marble altar of Elyvilon.
  1139 | D:2      | Learned a level 3 spell: Stone Arrow
  1246 | D:2      | Noticed a sky beast
  1263 | D:2      | Killed a sky beast
  1263 | D:2      | Reached skill level 1 in Fighting
  1263 | D:2      | Reached skill level 3 in Spellcasting
  1263 | D:2      | Reached XP level 5. HP: 17/29 MP: 1/10
  1344 | D:2      | Found a shadowy altar of Dithmenos.
  1563 | D:2      | Learned a level 5 spell: Lee's Rapid Deconstruction
  1581 | D:2      | Reached XP level 6. HP: 17/34 MP: 4/11
  1924 | D:2      | Reached skill level 5 in Earth Magic
  2772 | D:3      | Found a sparkling altar of Nemelex Xobeh.
  2968 | D:4      | Found a shimmering altar of Xom.
  2971 | D:4      | Found a shimmering altar of Xom.
  2972 | D:4      | Found a shimmering altar of Xom.
  2972 | D:4      | Found a shimmering altar of Xom.
  2972 | D:4      | Found a shimmering altar of Xom.
  3003 | D:4      | Found a sand-covered staircase.
  3025 | Ossuary  | Entered an ossuary
  3091 | Ossuary  | Reached skill level 4 in Spellcasting
  3293 | Ossuary  | Reached XP level 7. HP: 40/40 MP: 7/13
  3635 | D:4      | Found a shimmering altar of Xom.
  3638 | D:4      | Found a shimmering altar of Xom.
  3701 | D:4      | Reached skill level 5 in Spellcasting
  3758 | D:4      | Noticed Grinder
  3766 | D:4      | Killed Grinder
  3766 | D:4      | Reached skill level 1 in Conjurations
  3926 | D:4      | Reached XP level 8. HP: 40/44 MP: 16/16
  3953 | D:4      | Noticed Autsider's ghost (amateur TrAM)
  4095 | D:4      | Killed Autsider's ghost
  4558 | D:5      | Entered Level 5 of the Dungeon
  4589 | D:5      | Noticed letownia2's ghost (amateur VSIE)
  4592 | D:5      | Killed letownia2's ghost
  4592 | D:5      | Reached skill level 6 in Spellcasting
  5719 | D:6      | Reached skill level 5 in Maces & Flails
  5859 | D:6      | Reached skill level 7 in Spellcasting
  5859 | D:6      | Reached XP level 9. HP: 44/50 MP: 13/19
  6316 | D:6      | Identified a scroll of acquirement
  6316 | D:6      | Identified the Grimoire of Battle Magic (You acquired it on level 6 of the Dungeon)
  6411 | D:7      | Found a staircase to the Ecumenical Temple.
  6427 | Temple   | Entered the Ecumenical Temple
  6468 | Temple   | Became a worshipper of Vehumet
  6892 | D:7      | Found Utabac's Magic Scroll Emporium.
  7114 | D:7      | Noticed a hornet
  7115 | D:7      | Reached skill level 8 in Spellcasting
  7123 | D:7      | Killed a hornet
  7355 | D:7      | Learned a level 4 spell: Sticky Flame
  7664 | D:8      | Noticed a two-headed ogre
  7668 | D:8      | HP: 2/51 [two-headed ogre/giant spiked club (29)]
  7672 | D:8      | Killed a two-headed ogre
  7672 | D:8      | Reached skill level 9 in Spellcasting
  7672 | D:8      | Reached skill level 1 in Fire Magic
  7672 | D:8      | Reached XP level 10. HP: 3/56 MP: 2/23
  7672 | D:8      | Shot with an arrow by a centaur

Skill      XL: |  1  2  3  4  5  6  7  8  9 |
---------------+----------------------------+-----
Earth Magic    | 4 5 6 8 |  8.1
Maces & Flails | 1 2 3 4 5 |  5.6
Fighting       | 1 2 3 |  3.5
Spellcasting   | 3 4 5 7 9 |  9.1
Conjurations   | 1 3 4 |  4.7
Fire Magic     | 1 |  1.6
Dodging        | |  1.5
Stealth        | |  2.1
Transmutations | |  0.7

Action                   |  1- 3 |  4- 6 |  7- 9 | 10-12 || total
-------------------------+-------+-------+-------+-------++-------
Melee: Mace              |    72 |   136 |   126 |       ||   334
 Cast: Sandblast         |     5 |    48 |    80 |     1 ||   134
       Stone Arrow       |       |       |    16 |       ||    16
       Lee's Rapid Decon |       |       |     8 |       ||     8
  Use: Scroll            |       |     7 |     4 |       ||    11
 Stab: Sleeping          |     2 |     1 |       |       ||     3
  Eat: Chunk             |     1 |     6 |    15 |       ||    22
Armor: Robe              |     2 |       |    24 |       ||    26
       Leather armour    |    23 |    60 |    33 |       ||   116
Dodge: Dodged            |    57 |    95 |   112 |       ||   264
